 Dungeon Crawl Stone Soup version 0.30-a0-778-g2ef04afb54 (webtiles) character file.

Game seed: 1724555056558947462

800 BeKind the Chiller (level 7, -2/78 HPs)
             Began as a Barachi Ice Elementalist on Feb 15, 2023.
             Slain by a phantom (3 damage)
             ... on level 5 of the Dungeon.
             The game lasted 00:06:50 (4563 turns).

BeKind the Chiller (Barachi Ice Elementalist)       Turns: 4563, Time: 00:06:51

Health: -2/78      AC:  2    Str:  9    XL:     7   Next: 90%
Magic:  11/13      EV: 13    Int: 17    God:
Gold:   327        SH:  0    Dex: 13    Spells: 6/14 levels left

rFire   . . .      SeeInvis .    p - +2 whip (elec)
rCold   . . .      Faith    .    (no shield)
rNeg    . . .      Spirit   .    a - +0 robe
rPois   .          Reflect  .    (no helmet)
rElec   .          Harm     .    (no cloak)
rCorr   .          Rampage  .    (no gloves)
Will    .....                    (no boots) Stlth
                                 (no amulet)
HPRegen 0.33/turn                (no ring)
MPRegen 0.13/turn                (no ring)

@: mighty, berserking (expiring), unable to hop, very quick
A: amphibious, slowness 1, strong legs 1, +LOS
a: Hop


You were on level 5 of the Dungeon.
You visited 1 branch of the dungeon, and saw 5 of its levels.

You collected 327 gold pieces.

Inventory:

Hand Weapons
 p - a +2 whip of electrocution (weapon)
 w - a +1 dagger of freezing
Armour
 a - a +0 robe (worn)
Scrolls
 c - 2 scrolls of fear {unknown}
 d - a scroll of magic mapping {unknown}
 f - 3 scrolls of identify {unknown}
 h - a scroll of teleportation {unknown}
 l - a scroll of blinking {unknown}
 o - a scroll of torment {unknown}
 q - a scroll of poison {unknown}
 u - a scroll of vulnerability {unknown}
 v - 3 scrolls of silence {unknown}
Potions
 b - 3 potions of magic
 e - a potion of might
 i - 3 potions of cancellation {unknown}
 j - 2 potions of flight {unknown}
 k - 3 potions of lignification {unknown}
 m - 2 potions of curing {unknown}
 n - a potion of brilliance {unknown}
 r - 2 potions of attraction {unknown}
 s - 2 potions of resistance {unknown}
 t - a potion of heal wounds {unknown}


   Skills:
 + Level 3.5 Fighting
 + Level 4.6 Dodging
 - Level 1.7 Stealth
 + Level 4.3 Spellcasting
 + Level 3.3 Summonings
 * Level 7.6 Ice Magic


You had 6 spell levels left.
You knew the following spells:

 Your Spells              Type           Power      Damage    Failure   Level
a - Freeze                Ice            100%       1d10      1%          1
b - Frozen Ramparts       Ice            58%        1d9       1%          3
c - Summon Ice Beast      Ice/Summ       22%        N/A       16%         4

Your spell library contained the following spells:

 Spells                   Type           Power      Damage    Failure   Level
 Ozocubu's Armour         Ice            29%        N/A       1%          3
 Summon Small Mammal      Summ           56%        N/A       4%          1
 Call Imp                 Summ           14%        N/A       6%          2
 Apportation              Tloc           6%         N/A       16%         1
 Magic Dart               Conj           12%        1d3       16%         1
 Necrotise                Necr           12%        1d4       16%         1
 Sandblast                Erth           6%         2d5       16%         1
 Passwall                 Tmut/Erth      2%         N/A       24%         2
 Sublimation of Blood     Necr           3%         N/A       24%         2
 Dazzling Flash           Conj/Hex       6%         N/A       43%         3
 Mephitic Cloud           Conj/Pois/Air  3%         N/A       43%         3
 Stone Arrow              Conj/Erth      6%         3d7       43%         3
 Iskenderun's Mystic Bla  Conj/Tloc      3%         2d3       83%         4
 Petrify                  Tmut/Erth      3%         N/A       83%         4
 Irradiate                Conj/Tmut      1%         3d12      99%         5
 Starburst                Conj/Fire      1%         6d3       100%        6


Dungeon Overview and Level Annotations

Branches:
Dungeon (5/15)
 Temple: D:4-7

Altars:
Ashenzari
Fedhas
Zin

Shops:
D:3 *(*(   D:4 *


Innate Abilities, Weirdness & Mutations

You are amphibious.
You cover ground slowly.
You can hop short distances.
You have an extended range of vision and can be seen from far away.


Message History

The phantom is moderately damaged.
The hound bites you.
* * * LOW HITPOINT WARNING * * *
The phantom hits you.
* * * LOW HITPOINT WARNING * * *
The phantom hits you.
* * * LOW HITPOINT WARNING * * *
The phantom blinks!
You blink.
You are too berserk!
You closely miss the phantom.
The phantom is moderately damaged.
You whack the phantom!
The phantom is severely damaged.
The hound closely misses you. The phantom closely misses you.
You hit the phantom.
The phantom is severely damaged.
The hound closely misses you. The phantom hits you.
* * * LOW HITPOINT WARNING * * *
You whack the phantom!
The phantom is almost destroyed.
The hound misses you.
You barely miss the phantom.
The phantom is almost destroyed.
The hound closely misses you. The phantom hits you.
* * * LOW HITPOINT WARNING * * *
The phantom blinks!
You blink.
You miss the phantom.
The phantom is almost destroyed.
The hound pauses to sniff the ground.
The hound misses you. The phantom hits you.
* * * LOW HITPOINT WARNING * * *
The phantom hits you.
* * * LOW HITPOINT WARNING * * *
The phantom blinks!
You blink.
You hit the phantom.
The phantom is almost destroyed.
You miss the phantom.
The phantom is almost destroyed.
The phantom hits you.
You die...

#.#
######..
#.# #..
#.# #..
#.# #..
#.# #..
#.# #..
#####'##
###
#..W!..#
#
#.@....#
+
#.W....#
#
#h.....#
#
#......+
#......#
########


You could see 2 phantoms and a hound.

Vanquished Creatures
  Prince Ribbit (D:5)
  An ogre (D:5)
  A centaur (D:4)
  A gnoll sergeant (D:5)
  2 necrophages (D:5)
  A hound (D:4)
  A gnoll bouda (D:5)
  An iguana (D:5)
  10 gnolls
  2 adders (D:4)
  An ufetubus (D:5)
  2 worms
  3 dart slugs
  4 orcs
  5 endoplasms
  3 giant cockroaches
  5 goblins
  4 hobgoblins
  3 jackals (D:3)
  5 kobolds
  4 quokkas
  2 ball pythons
  2 bats
  3 frilled lizards
  6 rats
73 creatures vanquished.

Notes
Turn   | Place    | Note
-------+----------+-------------------------------------------
     0 | D:1      | BeKind the Barachi Ice Elementalist began the quest for the
                  | Orb.
     0 | D:1      | Reached XP level 1. HP: 13/13 MP: 3/3
    75 | D:1      | Reached skill level 5 in Ice Magic
    75 | D:1      | Reached XP level 2. HP: 18/19 MP: 1/5
   766 | D:1      | Reached XP level 3. HP: 24/24 MP: 4/7
  1615 | D:3      | Found Woupyas's Assorted Antiques.
  1615 | D:3      | Found Sorchik's Assorted Antiques.
  1621 | D:3      | Found Kodwosk's Antique Weapon Shoppe.
  1660 | D:3      | Learned a level 3 spell: Frozen Ramparts
  1735 | D:3      | Found Ucoosil's Antique Weapon Boutique.
  2324 | D:4      | Reached XP level 4. HP: 31/31 MP: 8/8
  2410 | D:4      | Learned a level 4 spell: Summon Ice Beast
  2552 | D:4      | Reached skill level 1 in Fighting
  2585 | D:4      | Noticed a centaur
  2590 | D:4      | Killed a centaur
  2591 | D:4      | Reached skill level 1 in Summonings
  2591 | D:4      | Reached skill level 6 in Ice Magic
  2591 | D:4      | Reached XP level 5. HP: 29/38 MP: 2/10
  2824 | D:4      | Reached XP level 6. HP: 39/44 MP: 5/11
  2964 | D:4      | Found a broken altar of Ashenzari.
  3144 | D:4      | Found Atouc's General Store.
  3481 | D:5      | Entered Level 5 of the Dungeon
  3491 | D:5      | Noticed Prince Ribbit
  3496 | D:5      | Killed Prince Ribbit
  3652 | D:5      | Found a blossoming altar of Fedhas.
  3672 | D:5      | Found a glowing silver altar of Zin.
  3726 | D:5      | Reached skill level 7 in Ice Magic
  3726 | D:5      | Reached XP level 7. HP: 18/51 MP: 4/12
  4554 | D:5      | HP: 3/78 [phantom (3)]
  4559 | D:5      | HP: 2/78 [phantom (1)]
  4563 | D:5      | Slain by a phantom

Illustrated notes

Levels and vault maps discovered:
D:1:      zaba_arrival_water, layout_basic
D:2:      layout_loops_ring
D:3:      layout_basic, serial_shops, nicolae_shop_overgrown_old_shop,
          nicolae_shop_waterfront, nicolae_shop_trees, shop,
          minmay_stone_trees_small, minmay_misc_feat_nine_boxes,
          kennysheep_flooded_box, hangedman_decor_diamond_cutter
D:4:      layout_loops_ring, nicolae_ashenzari_skybound, serial_shops,
          kennysheep_mini, dreamdust_princess_bridge, kennysheep_generic_room_14
D:5:      layout_basic, mainiacjoe_overflow_chevrons,
          mainiacjoe_overflow_catwalk, uniq_prince_ribbit1

Skill      XL: |  1  2  3  4  5  6  7 |
---------------+----------------------+-----
Ice Magic      | 5 6 7 |  7.6
Dodging        | 3 4 |  4.6
Spellcasting   | 3 4 |  4.3
Fighting       | 1 2 3 |  3.5
Summonings     | 1 2 3 |  3.3
Stealth        | |  1.7

Action                     |  1- 3 |  4- 6 |  7- 9 || total
---------------------------+-------+-------+-------++-------
  Melee: Unarmed           |     5 |       |       ||     5
         Whip              |    64 |    10 |    53 ||   127
         Punch             |       |       |     1 ||     1
   Cast: Freeze            |    38 |    26 |     7 ||    71
         Frozen Ramparts   |       |     7 |     5 ||    12
Ability: Hop               |       |       |     2 ||     2
    Use: Potion            |       |       |     2 ||     2
   Stab: Sleeping          |     2 |       |       ||     2
         Distracted        |     1 |       |       ||     1
 Armour: Robe              |    20 |     5 |    10 ||    35
  Dodge: Dodged            |    61 |    34 |    64 ||   159

Table legend: (Time is in decaauts)
 A = Elapsed time spent in this place.
 B = Non-inter-level travel time spent in this place.
 C = Inter-level travel time spent in this place.
 D = Time resting spent in this place.
 E = Time spent auto-exploring this place.
 F = Levels seen in this place.
 G = Mean time per level.
                   A        B        C        D        E       F      G
               +--------+--------+--------+--------+--------+-----+--------+
         Total |   5147 |   4940 |    207 |     34 |   4256 |   5 | 1029.4 |
       Dungeon |   5147 |   4940 |    207 |     34 |   4256 |   5 | 1029.4 |
               +--------+--------+--------+--------+--------+-----+--------+

Top non-repeatable levels by time:
     D:4: 1472 daAuts
     D:5: 1175 daAuts
     D:1: 1046 daAuts
     D:3: 775 daAuts
     D:2: 676 daAuts
